 Dungeon Crawl Stone Soup version 0.28.0-47-ge53b351184 (webtiles) character file.

Game seed: 13004020224706482023

5667 101zpm the Thaumaturge (level 11, -7/68 HPs)
             Began as a Djinni Fire Elementalist on Apr 29, 2022.
             Was a Follower of Makhleb.
             Mangled by an orc warrior
             ... wielding a +0 mace
              (15 damage)
             ... on level 9 of the Dungeon.
             The game lasted 00:22:15 (12703 turns).

101zpm the Thaumaturge (Djinni Fire Elementalist)  Turns: 12703, Time: 00:22:18

Health: -7/68      AC:  4    Str: 13    XL:     11   Next: 4%
Gold:   504        EV: 28    Int: 22    God:    Makhleb [*.....] SH:  0 Dex: 13

rFire   + + .      SeeInvis .   x - +2 trident (vamp)
rCold   x . .      Faith    .   (no shield)
rNeg    . . .      Spirit   .   a - +0 robe
rPois   ∞          Reflect  .   (no helmet)
rElec   .          Harm     .   m - +0 cloak
rCorr   .          Rampage  .   A - +0 pair of gloves
Will    +....                   (boots unavailable)
Stlth   +++.......              s - amulet of the acrobat
HPRegen 0.21/turn               e - +6 ring of strength
MPRegen 0.00/turn               (no ring)

@: acrobatic, flying
A: sickness immunity, fire resistance 2, cold vulnerability 1, float, innate
caster, HP casting, extra vitality 1
a: Renounce Religion


You were on level 9 of the Dungeon.
You worshipped Makhleb.
Makhleb was aware of your devotion.
You visited 1 branch of the dungeon, and saw 9 of its levels.

You collected 504 gold pieces.

Inventory:

Hand Weapons
 x - a +2 vampiric trident (weapon)
 B - a +2 flail of protection
Armour
 a - a +0 robe (worn)
 m - a +0 cloak (worn)
 A - a +0 pair of gloves (worn)
 C - a +0 helmet
Jewellery
 e - a +6 ring of strength (left hand)
 s - an amulet of the acrobat (around neck)
 z - an amulet of reflection
Wands
 j - a wand of polymorph (11)
 y - a wand of iceblast (9)
Scrolls
 c - 2 scrolls of fog
 d - 2 scrolls of enchant weapon
 h - 3 scrolls of enchant armour
 i - 2 scrolls of blinking {unknown}
 k - 4 scrolls of holy word
 l - 3 scrolls of fear
 o - a scroll of brand weapon {unknown}
 p - a scroll of magic mapping {unknown}
 t - a scroll of teleportation
 v - a scroll of noise {unknown}
Potions
 b - 5 potions of curing {unknown}
 f - 2 potions of degeneration {unknown}
 g - 4 potions of heal wounds {unknown}
 n - 2 potions of might {unknown}
 q - 2 potions of brilliance {unknown}
 r - 2 potions of attraction {unknown}
 u - a potion of mutation {unknown}
 w - a potion of cancellation {unknown}


   Skills:
 + Level 1.6 Fighting
 + Level 4.0 Dodging
 + Level 4.3 Stealth
 + Level 0.1 Unarmed Combat
 + Level 11.5 Spellcasting


You had 6 spell levels left.
You knew the following spells:

 Your Spells              Type           Power      Damage    Failure   Level
a - Foxfire               Conj/Fire      100%       2x1d9     1%          1
b - Scorch                Fire           100%       2d10      1%          2
c - Conjure Flame         Conj/Fire      59%        6-21      1%          3
d - Inner Flame           Hex/Fire       59%        N/A       1%          3
e - Flame Wave            Conj/Fire      59%        2d11      1%          4
f - Summon Small Mammal   Summ           100%       N/A       1%          1
g - Static Discharge      Conj/Air       59%        N/A       1%          2
h - Tukima's Dance        Hex            59%        N/A       1%          3
i - Animate Dead          Necr           29%        N/A       1%          4
j - Iskenderun's Mystic   Conj/Tloc      59%        2d12      1%          4
Your spell library was empty.

Dungeon Overview and Level Annotations

Branches:
Dungeon (9/15)             Temple (0/1) D:7            Lair (0/6) D:8
    Orc: D:9-12

Altars:
Fedhas
Gozag
Makhleb
Trog
Vehumet

Shops:
D:2 *


Innate Abilities, Weirdness & Mutations

You are immune to sickness and miasma.
You are immune to poison.
Your flesh is very heat resistant. (rF++)
You are vulnerable to cold. (rC-)
You float through the air rather than walking.
You learn spells naturally, not from books.
Your magical power is your life essence.
You have superior vitality. (+4 MHP)


Message History

* * * LOW HITPOINT WARNING * * *
The foxfire hits the orc priest but does no damage.
The orc priest is severely wounded.
Your quokka barely misses the orc priest.
Casting: Foxfire (safe; 1% risk of failure)
Press: ? - help, Q - select action, (/) - cycle Dir - look around, f - activate You conjure some foxfire!
* * * LOW HITPOINT WARNING * * *
The foxfire hits the orc warrior!
The orc warrior is moderately wounded.
The foxfire hits the orc priest!
You kill the orc priest!
Makhleb accepts your kill.
The foxfire hits the orc warrior.
The orc warrior is moderately wounded.
Casting: Foxfire (safe; 1% risk of failure)
Press: ? - help, Q - select action, (/) - cycle Dir - look around, f - activate You conjure some foxfire!
* * * LOW HITPOINT WARNING * * *
The foxfire hits the orc warrior but does no damage.
The orc warrior is moderately wounded.
The foxfire hits the orc warrior!
The orc warrior is severely wounded.
The foxfire hits the orc warrior but does no damage.
The orc warrior is severely wounded.
The foxfire hits the orc warrior but does no damage.
The orc warrior is severely wounded.
Your quokka bites the orc warrior but does no damage.
Casting: Foxfire (safe; 1% risk of failure)
Press: ? - help, Q - select action, (/) - cycle Dir - look around, f - activate You conjure some foxfire!
* * * LOW HITPOINT WARNING * * *
Your quokka completely misses the orc warrior.
The foxfire hits the orc warrior but does no damage.
The orc warrior is severely wounded.
The foxfire hits the orc warrior but does no damage.
The orc warrior is severely wounded.
Your quokka barely misses the orc warrior.
The orc warrior hits you with a +0 mace!
You die...

#. ).. #.##.# #. #)#
#.##.# #:##.## ##.##.#
#.#...# #.....#
#.#)..#v##.##### ##
#.##.##.##.....#
#'#..#§.#.#..##.....#
.....'§.or...##.....#
8.8.###)@...###.....##
. ##)..##........#
#)..##........#
#).###..÷.....#
#######)#####.......#
............).>.....#
########...##.......#
#...########## #:..#


You could see an orc warrior (ally target) and a friendly quokka (summoned).

Vanquished Creatures
  A two-headed ogre (D:8)
  A hydra (D:7)
  A komodo dragon (D:8)
  A dancing weapon (D:9)
  Sigmund (D:3)
  2 wyverns
  A warg (D:9)
  2 water moccasins (D:7)
  An orc warrior (D:9)
  3 ice beasts
  A necrophage (D:7)
  3 black bears
  2 ogres (D:5)
  3 centaurs
  A phantom (D:5)
  3 bullfrogs
  5 scorpions
  A wyvern skeleton (D:7)
  4 killer bees (D:9)
  3 wights (D:8)
  A centaur zombie (D:6)
  2 gnoll shamans
  5 orc priests
  A bullfrog skeleton (D:7)
  3 iguanas
  6 orc wizards
  3 hound skeletons
  10 gnolls
  10 adders
  A white imp (D:6)
  An ufetubus (D:6)
  An adder skeleton (D:4)
  A worm (D:4)
  9 orcs
  10 endoplasms
  2 giant cockroaches
  3 goblins
  8 hobgoblins
  2 jackals (D:1)
  A kobold (D:1)
  5 quokkas
  7 ball pythons
  8 bats
  2 frilled lizards
  9 rats
151 creatures vanquished.

Vanquished Creatures (collateral kills)
  A two-headed ogre (D:9)
  A howler monkey (D:9)
  A goblin (D:1)
  9 foxfires (D:8)
12 creatures vanquished.

Vanquished Creatures (others)
  1336 foxfires
  6 plants (D:8)
1342 creatures vanquished.

Grand Total: 1505 creatures vanquished

Notes
Turn   | Place    | Note
-------+----------+-------------------------------------------
     0 | D:1      | 101zpm the Djinni Fire Elementalist began the quest for the
                  | Orb.
     0 | D:1      | Reached XP level 1. HP: 15/15 MP: 0/0
   331 | D:1      | Reached XP level 2. HP: 11/21 MP: 0/0
   999 | D:1      | Reached skill level 3 in Spellcasting
  1268 | D:1      | Reached XP level 3. HP: 20/25 MP: 0/0
  1268 | D:1      | Learned a level 1 spell: Summon Small Mammal
  2407 | D:1      | Found a faded altar of an unknown god.
  2662 | D:2      | Reached XP level 4. HP: 27/31 MP: 0/0
  2865 | D:2      | Found Vauhurgh's General Store.
  4191 | D:3      | Noticed Sigmund
  4198 | D:3      | Killed Sigmund
  4199 | D:3      | Reached skill level 4 in Spellcasting
  4199 | D:3      | Reached XP level 5. HP: 28/35 MP: 0/0
  4199 | D:3      | Learned a level 2 spell: Static Discharge
  4199 | D:3      | Reached XP level 6. HP: 32/40 MP: 0/0
  5160 | D:4      | Noticed a black bear
  5166 | D:4      | Killed a black bear
  5167 | D:4      | Reached skill level 5 in Spellcasting
  5167 | D:4      | Reached XP level 7. HP: 40/45 MP: 0/0
  5167 | D:4      | Learned a level 3 spell: Tukima's Dance
  5710 | D:4      | Identified the +8 plate armour of Hide-and-Seek {Will+}
  5943 | D:4      | Found a blossoming altar of Fedhas.
  6136 | D:5      | Entered Level 5 of the Dungeon
  6401 | D:5      | Reached skill level 6 in Spellcasting
  6442 | D:5      | Reached XP level 8. HP: 48/51 MP: 0/0
  6544 | D:5      | Noticed a wyvern
  6551 | D:5      | Killed a wyvern
  6693 | D:5      | Reached skill level 1 in Fighting
  6693 | D:5      | Reached skill level 7 in Spellcasting
  7525 | D:5      | Found an opulent altar of Gozag.
  7879 | D:6      | Reached XP level 9. HP: 36/57 MP: 0/0
  7879 | D:6      | Learned a level 4 spell: Animate Dead
  8055 | D:7      | Reached skill level 8 in Spellcasting
  8330 | D:7      | Found a burning altar of Makhleb.
  8626 | D:7      | Reached skill level 9 in Spellcasting
  8727 | D:7      | Found a staircase to the Ecumenical Temple.
  8751 | D:7      | Noticed a six-headed hydra
  8765 | D:7      | Killed a six-headed hydra
  8910 | D:7      | Reached XP level 10. HP: 32/62 MP: 0/0
  9019 | D:7      | Reached skill level 10 in Spellcasting
  9397 | D:7      | Found a bloodstained altar of Trog.
  9442 | D:7      | Noticed a blizzard demon
  9445 | D:7      | Noticed an orange demon
  9593 | D:7      | Became a worshipper of Makhleb the Destroyer
 10937 | D:8      | Noticed a two-headed ogre
 10944 | D:8      | Killed a two-headed ogre
 11080 | D:8      | Found a staircase to the Lair.
 11081 | D:8      | Noticed a komodo dragon
 11101 | D:8      | Killed a komodo dragon
 11345 | D:8      | Reached skill level 11 in Spellcasting
 12388 | D:9      | Reached * piety under Makhleb
 12683 | D:9      | Noticed a two-headed ogre
 12691 | D:9      | Killed a two-headed ogre
 12692 | D:9      | Reached XP level 11. HP: 21/68 MP: 0/0
 12692 | D:9      | Learned a level 4 spell: Iskenderun's Mystic Blast
 12703 | D:9      | Mangled by an orc warrior

Illustrated notes

Levels and vault maps discovered:
D:1:      beargit_arrival_diablo_church, layout_basic,
          hellmonk_ecumenical_altar_prayer_group, grunt_decor_resistance,
          minmay_tetromino_o4
D:2:      layout_basic, basic_altar, serial_shops, nicolae_shop_stone
D:3:      layout_basic, uniq_sigmund
D:4:      minmay_angry_zag, layout_basic, general_overflow_altar,
          minmay_small_thing
D:5:      layout_cave_pods, lemuel_tele_altar
D:6:      layout_loops_corners
D:7:      layout_basic, overflow_temple_1_default, makhleb_altar_promises_db,
          minmay_temple_entry_glassed_door, nicolae_figureground_pulse
D:8:      layout_loops_ring, david_lair_shrubbed
D:9:      layout_basic, david_orc_1_choice

Skill      XL: |  1  2  3  4  5  6  7  8  9 10 |
---------------+-------------------------------+-----
Spellcasting   | 3 4 5 6 7 9 11 | 11.5
Stealth        | 2 3 4 |  4.3
Fighting       | 1 |  1.6
Dodging        | 4 |  4.0
Unarmed Combat | |  0.1

Action                   |  1- 3 |  4- 6 |  7- 9 | 10-12 || total
-------------------------+-------+-------+-------+-------++-------
Melee: Unarmed           |     4 |     9 |       |     4 ||    17
       Trident           |       |       |       |     1 ||     1
 Cast: Foxfire           |   121 |   194 |   301 |   177 ||   793
       Summon Small Mamm |     6 |       |     2 |    30 ||    38
       Inner Flame       |       |       |     2 |     2 ||     4
       Tukima's Dance    |       |       |       |     4 ||     4
       Scorch            |       |       |       |     4 ||     4
       Static Discharge  |       |       |       |     3 ||     3
  Use: Scroll            |       |       |       |     5 ||     5
Armor: Robe              |     6 |     2 |     5 |     4 ||    17
Dodge: Dodged            |    19 |    13 |    12 |    47 ||    91
